 Dungeon Crawl Stone Soup version 0.30-b1-2-g02819fbbbe (webtiles) character file.

Game seed: 3639255483729020730

2612 LLlMATKO the Cleaver (level 9, 0/81 HPs)
             Began as a Minotaur Berserker on Aug 10, 2023.
             Was an Elder of Trog.
             Slain by an orc knight
             ... wielding a +0 glaive
              (14 damage)
             ... in a bailey.
             The game lasted 00:07:52 (7104 turns).

LLlMATKO the Cleaver (Minotaur Berserker)           Turns: 7104, Time: 00:07:53

Health: 0/81       AC: 14    Str: 27    XL:     9   Next: 34%
Magic:  8/8        EV:  8    Int:  4    God:    Trog [****..]
Gold:   333        SH:  9    Dex:  9    Spells: 8/8 levels left

rFire   . . .        I - +1 war axe
rCold   . . .        k - +1 kite shield
rNeg    . . .        K - +0 plate armour
rPois   +            (helmet restricted)
rElec   .            (no cloak)
rCorr   .            (no gloves)
SInv    .            B - +0 pair of boots
Will    ++...        (no amulet) Stlth
                     v - ring "Soygygor" {Contam rPois Slay+3 Stlth+}
HPRegen 1.33/turn    (no ring)
MPRegen 0.11/turn

%: no passive effects
@: strong-willed (expiring), on berserk cooldown, regenerating (expiring),
slowed, very slow
A: horns 2, retaliatory headbutt
a: Renounce Religion, Berserk, Trog's Hand, Brothers in Arms


You were in a bailey.
You worshipped Trog.
Trog was greatly pleased with you.
You visited 1 branch of the dungeon, and saw 7 of its levels.
You also visited: Sewer and Bailey.

You collected 333 gold pieces.

Inventory:

Hand Weapons
 a - a +2 whip of freezing
 I - a +1 war axe (weapon)
Missiles
 b - 2 throwing nets (quivered)
 q - 13 poisoned darts
Armour
 k - a +1 kite shield (worn)
 B - a +0 pair of boots (worn)
 K - a +0 plate armour (worn)
Jewellery
 v - the ring "Soygygor" (left hand) {Contam rPois Slay+3 Stlth+}
   (You found it on level 4 of the Dungeon)

   [ring of poison resistance]

   Slay:      It affects your accuracy & damage with ranged weapons and melee
   (+3).
   rPois:     It protects you from poison.
   Contam:    It causes magical contamination when unequipped.
   Stlth:     It makes you more stealthy.
 C - the amulet "Wyoxt" {Acrobat rF+ Will++ Stlth-}
   (You found it on level 5 of the Dungeon)

   [amulet of the acrobat]

   It increases your evasion while moving and waiting.
   rF:        It protects you from fire.
   Will:      It greatly increases your willpower.
   Stlth:     It makes you less stealthy.
 E - an amulet of regeneration
 F - a +4 ring of protection
 G - an amulet of magic regeneration
 H - a ring of ice
Wands
 c - a wand of mindburst (2)
Scrolls
 d - a scroll of vulnerability
 l - 7 scrolls of identify
 w - a scroll of blinking
 y - a scroll of immolation
 A - 2 scrolls of noise {unknown}
 D - a scroll of silence {unknown}
 J - a scroll of teleportation {unknown}
Potions
 e - 5 potions of might
 f - 2 potions of lignification {unknown}
 g - a potion of haste {unknown}
 h - 3 potions of degeneration {unknown}
 i - 4 potions of curing {unknown}
 j - 7 potions of flight {unknown}
 m - 4 potions of mutation {unknown}
 n - 5 potions of heal wounds {unknown}
 o - 2 potions of invisibility {unknown}
 p - a potion of berserk rage {unknown}
 r - 3 potions of magic {unknown}
 s - a potion of cancellation {unknown}
 t - 2 potions of attraction {unknown}
 x - a potion of ambrosia {unknown}


   Skills:
 + Level 7.9 Fighting
 + Level 8.0 Axes
 + Level 7.5 Armour
 + Level 6.7 Dodging
 + Level 5.6 Shields


You had 8 spell levels left.
You didn't know any spells.
Your spell library was empty.

Dungeon Overview and Level Annotations

Branches:
Dungeon (7/15)             Temple (0/1) D:5           Sewer (visited)
 Bailey (1/1)

Altars:
Ashenzari
Cheibriados
Gozag
Hepliaklqana
Ru
Trog

Shops:
D:3 *   D:4 =


Innate Abilities, Weirdness & Mutations

You have a pair of horns on your head.
You reflexively headbutt those who attack you in melee.


Message History

Trog accepts your kill.
You hit the orc. You slash the orc!
You kill the orc!
Trog accepts your kill.
The orc knight hits you from afar with a +0 glaive.
You block the orc's attack.
The orc knight hits you from afar with a +0 glaive!!
* * * LOW HITPOINT WARNING * * *
Your two-headed ogre hits the orc with a +0 giant club!!
The orc dies!
Trog accepts your kill.
The orc knight hits your two-headed ogre with a +0 glaive!!
You feel a strong urge to attack something.
Your two-headed ogre misses the orc knight.
Your two-headed ogre closely misses the orc knight.
The orc knight hits your two-headed ogre with a +0 glaive!!
You hear a shout!
You feel your anger nearly subside.
You are no longer berserk.
You are exhausted.
You feel yourself slow down.
Your two-headed ogre hits the orc knight with a +0 giant club!! x2
The orc knight hits your two-headed ogre with a +0 glaive!
The orc warrior hits your two-headed ogre with a +0 halberd.
Your two-headed ogre completely misses the orc warrior.
Your two-headed ogre hits the orc warrior with a +0 giant club!
The orc knight hits your two-headed ogre with a +0 glaive!!
Your two-headed ogre dies!
Your two-headed ogre's corpse disappears in a puff of smoke!
There is an open gate here.
You feel the effects of Trog's Hand fading.
The orc knight hits you with a +0 glaive.
* * * LOW HITPOINT WARNING * * *
There is an open gate, spattered with blood here.
You slash the orc knight!
The orc knight is moderately wounded.
The orc warrior no longer looks unusually strong.
The orc knight no longer looks unusually strong.
An orc warrior comes into view. It is wielding a +0 spear.
The orc knight hits you with a +0 glaive!
You die...

### ####### ##### ).##
##.....#########.....
)..######.......#.....#......
...#)...#..##...'..o..)o.#...
...')...'..8....@..ooo)...o..
..)#)...#..##...o....))..#...
.).######.......#.....#......
..## ##.....#########.....
### ####### #####


You could see 2 orc knights, 2 orc warriors and 2 orcs.

Vanquished Creatures
  Pikel (D:6)
  A steam dragon (D:7)
  4 orc warriors
  An ogre (D:5)
  A centaur (D:7)
  2 lemures (D:6)
  A kobold brigand (Sewer)
  4 bullfrogs
  A scorpion (D:6)
  A gnoll sergeant (D:4)
  A howler monkey (D:4)
  3 hounds
  2 orc priests (D:6)
  3 jellies
  4 iguanas
  5 sleepcaps
  Ijyb (D:3)
  Terence (D:3)
  11 gnolls
  A river rat (Sewer)
  11 adders
  A shadow imp (D:7)
  A white imp (D:5)
  An ufetubus (D:5)
  2 worms (Sewer)
  4 dart slugs
  30 orcs
  8 endoplasms
  5 giant cockroaches
  11 goblins
  14 hobgoblins
  3 jackals (D:1)
  5 quokkas
  12 ball pythons
  5 bats
  7 frilled lizards
  20 kobolds
  8 rats
197 creatures vanquished.

Vanquished Creatures (collateral kills)
  An orc warrior (Bailey)
  3 orcs (Bailey)
4 creatures vanquished.

Grand Total: 201 creatures vanquished

Notes
Turn   | Place    | Note
-------+----------+-------------------------------------------
     0 | D:1      | LLlMATKO the Minotaur Berserker began the quest for the
                  | Orb.
     0 | D:1      | Reached XP level 1. HP: 19/19 MP: 0/0
    75 | D:1      | Reached XP level 2. HP: 18/27 MP: 1/1
   318 | D:1      | Reached ** piety under Trog
   350 | D:1      | You fall into a shaft and drop 1 floor!
   357 | D:2      | Reached skill level 4 in Axes
   364 | D:2      | Identified the +1 falchion "Fidghuvuc" {heavy, rF++}
   413 | D:2      | Reached XP level 3. HP: 28/33 MP: 2/2
   518 | D:2      | Reached XP level 4. HP: 12/41 MP: 3/3
  1262 | D:1      | Found a faded altar of an unknown god.
  1706 | D:3      | Noticed Ijyb
  1718 | D:3      | Killed Ijyb
  1722 | D:3      | Reached XP level 5. HP: 18/47 MP: 4/4
  1880 | D:3      | Found Wixoib's General Store.
  1927 | D:3      | Noticed Terence
  1937 | D:3      | Killed Terence
  2172 | D:3      | Found a glowing drain.
  2177 | Sewer    | Entered a sewer
  2189 | Sewer    | Reached *** piety under Trog
  2282 | Sewer    | Reached skill level 5 in Fighting
  2282 | Sewer    | Reached skill level 5 in Axes
  2282 | Sewer    | Reached XP level 6. HP: 37/56 MP: 5/5
  3353 | D:4      | Identified the ring "Soygygor" {Contam rPois Slay+3 Stlth+}
  3377 | D:4      | Reached skill level 1 in Shields
  3462 | D:4      | Reached **** piety under Trog
  3792 | D:4      | Reached XP level 7. HP: 60/61 MP: 6/6
  3813 | D:4      | Reached skill level 5 in Armour
  4167 | D:4      | Found Jyaxown's Jewellery Boutique.
  4231 | D:5      | Entered Level 5 of the Dungeon
  4325 | D:5      | Reached skill level 6 in Axes
  4430 | D:5      | Identified the amulet "Wyoxt" {Acrobat rF+ Will++ Stlth-}
  4642 | D:5      | Found a staircase to the Ecumenical Temple.
  4733 | D:5      | Found a bloodstained altar of Trog.
  5131 | D:5      | Found a hazy altar of Hepliaklqana.
  5468 | D:6      | Reached skill level 5 in Dodging
  5472 | D:6      | Reached XP level 8. HP: 54/71 MP: 7/7
  5709 | D:6      | Found an opulent altar of Gozag.
  5845 | D:6      | Found a snail-covered altar of Cheibriados.
  5846 | D:6      | Noticed Pikel
  5857 | D:6      | Killed Pikel
  5858 | D:6      | Reached skill level 7 in Axes
  5964 | D:6      | Found a broken altar of Ashenzari.
  6099 | D:6      | Found a sacrificial altar of Ru.
  6546 | D:7      | Reached skill level 5 in Shields
  6546 | D:7      | Reached XP level 9. HP: 79/79 MP: 8/8
  6586 | D:7      | Found a flagged portal.
  6628 | Bailey   | Entered a bailey
  7086 | Bailey   | Noticed an orc knight
  7086 | Bailey   | Noticed an orc knight
  7095 | Bailey   | Reached skill level 8 in Axes
  7104 | Bailey   | Slain by an orc knight

Illustrated notes

Levels and vault maps discovered:
D:1:      saegor_arrival_under_anarchy, layout_loops_ring,
          ebering_ecumenical_altar_webs, chequers_decorated_corner
D:2:      layout_rooms
D:3:      layout_basic, serial_shops, shop, gup_sewer_entry_spiral,
          corexii_shack, uniq_terence, uniq_ijyb
D:4:      minmay_chambers_of_fours, layout_cave_pools, serial_shops,
          nicolae_shop_back_alley_shop, kennysheep_donut, lightli_minifort
D:5:      layout_basic, mainiacjoe_overflow_brackets,
          nicolae_hepliaklqana_hippocampus, minmay_temple_entry_sparse_star,
          serial_corexii_hall, corexii_hall_statues_i,
          chequers_hall_statues_corner_a, chequers_hall_statues_corner_a,
          kennysheep_windowed_goal
D:6:      layout_loops_corners, nicolae_overflow_hidden_temple,
          mainiacjoe_overflow_chevrons, mainiacjoe_overflow_alcove_1,
          nicolae_overflow_crystal_walls, nicolae_lava_and_water,
          small_statue_alley_b, uniq_pikel
D:7:      layout_gridville, grunt_dithmenos_shadows,
          mainiacjoe_overflow_catwalk, lemuel_round_altar,
          gammafunk_ghost_stat_death, enter_bailey_3, uniq_joseph
Bailey:   bailey_polearm_5, bailey

Skill      XL: |  1  2  3  4  5  6  7  8  9 |
---------------+----------------------------+-----
Fighting       | 4 5 6 7 |  7.9
Axes           | 4 5 6 7 8 |  8.0
Armour         | 3 4 5 7 |  7.5
Dodging        | 3 4 5 6 |  6.7
Shields        | 1 3 5 |  5.6

Action                     |  1- 3 |  4- 6 |  7- 9 || total
---------------------------+-------+-------+-------++-------
  Melee: Hand axe          |    66 |   250 |    74 ||   390
         Headbutt          |     9 |    36 |    41 ||    86
         Punch             |       |     1 |       ||     1
         War axe           |       |       |   103 ||   103
 Invoke: Berserk           |     1 |     3 |     6 ||    10
         Trog's Hand       |       |       |     1 ||     1
         Brothers in Arms  |       |       |     1 ||     1
    Use: Scroll            |       |     5 |     5 ||    10
 Armour: Animal skin       |    14 |       |       ||    14
         Ring mail         |     4 |    48 |       ||    52
         Chain mail        |       |    33 |    60 ||    93
         Plate armour      |       |       |    33 ||    33
  Dodge: Dodged            |    44 |   130 |    71 ||   245
  Block: Kite shield       |       |    21 |    99 ||   120
